MLB
MINNESOTA TWINS @ CHICAGO WHITE SOX
06/12/2045
 
TOP OF THE 1ST
Minnesota Twins batting - Pitching for Chicago White Sox : RHP Tadatoki Yoshida
Pitching: RHP Tadatoki Yoshida
Batting: RHB Jesse Scott 0-0: DOUBLE (Line Drive, 9LM, EV 113.1 MPH)
Batting: LHB Joel Kunkler 0-0: Ball
1-0: Called Strike
1-1: Ball
2-1: Foul Ball, location: 2F
2-2: Foul Ball, location: 2F
2-2: Foul Ball, location: 2F
2-2: Strikes out looking
Batting: RHB Hildo Pot 0-0: Fly out, F8 (Flyball, 8RXD, EV 103.1 MPH)
Runner from 2nd tags up, SAFE at 3rd, no throw by CF
Batting: RHB Matthew Starr 0-0: Called Strike
0-1: Swinging Strike
0-2: Ball
1-2: Ball
2-2: Foul Ball, location: 2F
2-2: Fly out, F9 (Line Drive, 9S, EV 100.0 MPH)
Top of the 1st over - 0 runs, 1 hit, 0 errors, 1 left on base; Minnesota 0 - Chicago 0
BOTTOM OF THE 1ST
Chicago White Sox batting - Pitching for Minnesota Twins : RHP Luis Sanchez
Pitching: RHP Luis Sanchez
Batting: LHB Antonio Figueroa 0-0: Ball
1-0: Called Strike
1-1: Swinging Strike
1-2: Strikes out swinging
Batting: SHB Cesar Herrera 0-0: Fly out, F9 (Flyball, 89D, EV 100.0 MPH)
Batting: LHB Randy Rosenberry 0-0: Ball
1-0: Ball
2-0: Foul Ball, location: 2F
2-1: Swinging Strike
2-2: DOUBLE (Flyball, 8LXD, EV 101.2 MPH)
Batting: RHB Joseph Disepolo 0-0: Called Strike
0-1: Ball
1-1: Ball
2-1: Called Strike
2-2: Ball
3-2: Foul Ball, location: 2F
3-2: Ground out 6-3 (Groundball, 6M, EV 81.2 MPH)
Bottom of the 1st over - 0 runs, 1 hit, 0 errors, 1 left on base; Minnesota 0 - Chicago 0
TOP OF THE 2ND
Minnesota Twins batting - Pitching for Chicago White Sox : RHP Tadatoki Yoshida
Batting: RHB Danny Miramontes 0-0: Ball
1-0: Ground out 5-3 (Groundball, 56, EV 102.5 MPH)
Batting: RHB Blake Ballard 0-0: Called Strike
0-1: Ball
1-1: Ball
2-1: Called Strike
2-2: Strikes out looking
Batting: RHB Väinö Tapaninen 0-0: Called Strike
0-1: Ball
1-1: Foul Ball, location: 2F
1-2: Strikes out looking
Top of the 2nd over - 0 runs, 0 hits, 0 errors, 0 left on base; Minnesota 0 - Chicago 0
BOTTOM OF THE 2ND
Chicago White Sox batting - Pitching for Minnesota Twins : RHP Luis Sanchez
Batting: LHB Jack Christie 0-0: Called Strike
0-1: Called Strike
0-2: Ball
1-2: Ball
2-2: SINGLE (Line Drive, 7S, EV 91.9 MPH)
Batting: LHB Brian Feher 0-0: Called Strike
0-1: Ground out 4-3 (Groundball, 34, EV 101.2 MPH)
Jack Christie to second
Batting: SHB Eduardo Maldonado 0-0: Foul Ball, location: 2F
0-1: Called Strike
0-2: Strikes out swinging
Batting: RHB Jason Moss 0-0: Ground out 5-3 (Groundball, 56, EV 81.2 MPH)
Bottom of the 2nd over - 0 runs, 1 hit, 0 errors, 1 left on base; Minnesota 0 - Chicago 0
TOP OF THE 3RD
Minnesota Twins batting - Pitching for Chicago White Sox : RHP Tadatoki Yoshida
Batting: RHB José Molina 0-0: Ball
1-0: Ball
2-0: Foul Ball, location: 2F
2-1: Swinging Strike
2-2: Ball
3-2: Foul Ball, location: 2F
3-2: Base on Balls
Batting: RHB Yonetoshi Muranaka 0-0: Ball
1-0: Grounds into double play, 4-6-3 (Groundball, 4M, EV 100.0 MPH)
Batting: RHB Jesse Scott 0-0: Ground out 6-3 (Groundball, 6, EV 86.9 MPH)
Top of the 3rd over - 0 runs, 0 hits, 0 errors, 0 left on base; Minnesota 0 - Chicago 0
BOTTOM OF THE 3RD
Chicago White Sox batting - Pitching for Minnesota Twins : RHP Luis Sanchez
Batting: SHB Dan Lash 0-0: Foul Ball, location: 2F
0-1: Ball
1-1: Ball
2-1: Foul Ball, location: 2F
2-2: Fly out, F8 (Line Drive, 8RM, EV 87.5 MPH)
Batting: LHB Antonio Figueroa 0-0: DOUBLE (Line Drive, 78M, EV 104.4 MPH)
Batting: SHB Cesar Herrera 0-0: Ball
1-0: Called Strike
1-1: Called Strike
1-2: Ball
2-2: SINGLE (Groundball, 23, EV 63.8 MPH) (infield hit)
Antonio Figueroa to third
Batting: LHB Randy Rosenberry 0-0: Ball
Cesar Herrera is caught stealing 2nd base 2-6
1-0: Called Strike
1-1: Ball
2-1: Fly out, F6 (Popup, 6, EV 55.6 MPH)
Bottom of the 3rd over - 0 runs, 2 hits, 0 errors, 1 left on base; Minnesota 0 - Chicago 0
TOP OF THE 4TH
Minnesota Twins batting - Pitching for Chicago White Sox : RHP Tadatoki Yoshida
Batting: LHB Joel Kunkler 0-0: Ground out 5-3 (Groundball, 5L, EV 90.0 MPH)
Batting: RHB Hildo Pot 0-0: Called Strike
0-1: Swinging Strike
0-2: Ball
1-2: Ball
2-2: Ball
3-2: Ground out 5-3 (Groundball, 5S, EV 83.8 MPH)
Batting: RHB Matthew Starr 0-0: Called Strike
0-1: Ball
1-1: Called Strike
1-2: SINGLE (Line Drive, 6M, EV 97.5 MPH)
Batting: RHB Danny Miramontes 0-0: Ball
1-0: Swinging Strike
1-1: Ball
2-1: Ball
3-1: Called Strike
3-2: Foul Ball, location: 2F
3-2: Base on Balls
Matthew Starr to second
Batting: RHB Blake Ballard 0-0: Ball
1-0: Ball
2-0: Called Strike
2-1: Foul Ball, location: 2F
2-2: Ball
3-2: Foul Ball, location: 2F
3-2: Foul Ball, location: 2F
3-2: Base on Balls
Matthew Starr to third
Danny Miramontes to second
Batting: RHB Väinö Tapaninen 0-0: Foul Ball, location: 2F
0-1: Foul Ball, location: 2F
0-2: SINGLE (Line Drive, 6D, EV 110.6 MPH)
Matthew Starr scores
Danny Miramontes to third
Blake Ballard to second
Runner from 3rd tries for Home, SAFE, throw by LF to trailing runner, OUT at third! 7-3-5
Top of the 4th over - 2 runs, 2 hits, 0 errors, 1 left on base; Minnesota 2 - Chicago 0
BOTTOM OF THE 4TH
Chicago White Sox batting - Pitching for Minnesota Twins : RHP Luis Sanchez
Batting: RHB Joseph Disepolo 0-0: SINGLE (Groundball, 4S, EV 74.4 MPH) (infield hit)
Batting: LHB Jack Christie 0-0: Ball
1-0: Foul Ball, location: 2F
1-1: Ball
2-1: SINGLE (Line Drive, 8RM, EV 94.4 MPH)
Joseph Disepolo to second
Batting: LHB Brian Feher 0-0: Called Strike
0-1: Ball
Wild Pitch!
Joseph Disepolo to third
Jack Christie to second
1-1: Ground out 5-3 (Groundball, 5, EV 106.2 MPH)
Batting: SHB Eduardo Maldonado 0-0: 3-RUN HOME RUN (Line Drive, 89XD, EV 104.4 MPH), Distance : 389 ft
Batting: RHB Jason Moss 0-0: Called Strike
0-1: Ball
1-1: Ball
2-1: Ball
3-1: Swinging Strike
3-2: Foul Ball, location: 2F
3-2: Base on Balls
Batting: SHB Dan Lash 0-0: Ball
1-0: Ball
Jason Moss steals 2nd base
2-0: Ground out U3 (Groundball, 34, EV 98.1 MPH)
Jason Moss to third
Pitching: RHP Danny Jaramillo
Batting: LHB Antonio Figueroa 0-0: Ball
1-0: Foul Ball, location: 2F
1-1: Swinging Strike
1-2: 2-RUN HOME RUN (Flyball, 8RXD, EV 107.5 MPH), Distance : 428 ft
Batting: SHB Cesar Herrera 0-0: Fly out, F8 (Flyball, 8LD, EV 98.1 MPH)
Bottom of the 4th over - 5 runs, 4 hits, 0 errors, 0 left on base; Minnesota 2 - Chicago 5
TOP OF THE 5TH
Minnesota Twins batting - Pitching for Chicago White Sox : RHP Tadatoki Yoshida
Batting: RHB José Molina 0-0: Swinging Strike
0-1: Swinging Strike
0-2: Strikes out swinging
Batting: RHB Yonetoshi Muranaka 0-0: Foul Ball, location: 2F
0-1: Ground out 1-3 (Groundball, 13S, EV 76.2 MPH)
Batting: RHB Jesse Scott 0-0: Called Strike
0-1: Fly out, F9 (Flyball, 89S, EV 88.8 MPH)
Top of the 5th over - 0 runs, 0 hits, 0 errors, 0 left on base; Minnesota 2 - Chicago 5
BOTTOM OF THE 5TH
Chicago White Sox batting - Pitching for Minnesota Twins : RHP Danny Jaramillo
Batting: LHB Randy Rosenberry 0-0: Fly out, F8 (Flyball, 8LXD, EV 96.2 MPH)
Batting: RHB Joseph Disepolo 0-0: Ball
1-0: Ball
2-0: SOLO HOME RUN (Line Drive, 89XD, EV 96.9 MPH), Distance : 394 ft
Batting: LHB Jack Christie 0-0: Foul Ball, location: 2F
0-1: Ground out 1-3 (Groundball, 13S, EV 65.6 MPH)
Batting: LHB Brian Feher 0-0: Ball
1-0: Ground out 6-3 (Groundball, 6, EV 101.2 MPH)
Bottom of the 5th over - 1 run, 1 hit, 0 errors, 0 left on base; Minnesota 2 - Chicago 6
TOP OF THE 6TH
Minnesota Twins batting - Pitching for Chicago White Sox : RHP Tadatoki Yoshida
Batting: LHB Joel Kunkler 0-0: Ball
1-0: SINGLE (Line Drive, 89S, EV 87.5 MPH)
Batting: RHB Hildo Pot 0-0: Foul Ball, location: 2F
0-1: Ball
1-1: Foul Ball, location: 2F
1-2: Ball
2-2: Foul Ball, location: 2F
2-2: Ball
3-2: Foul Ball, location: 2F
3-2: SINGLE (Groundball, 6MD, EV 94.4 MPH)
Joel Kunkler to second
Runner from 2nd tries for 3rd, SAFE, throw by CF made to third
Batting: RHB Matthew Starr 0-0: Ball
1-0: Ball
2-0: Ground out U3 (Groundball, 34S, EV 70.0 MPH)
Joel Kunkler scores
Hildo Pot to second
Batting: RHB Danny Miramontes 0-0: Ball
1-0: Ball
2-0: Foul Ball, location: 2F
2-1: Ball
3-1: Swinging Strike
3-2: Fly out, F8 (Flyball, 78D, EV 85.0 MPH)
Pitching: LHP Josh Vaca
Batting: RHB Blake Ballard 0-0: Called Strike
0-1: Swinging Strike
0-2: Ball
1-2: Ball
2-2: Ball
3-2: Base on Balls
Batting: RHB Väinö Tapaninen 0-0: Called Strike
0-1: Fielders Choice at 2nd, 6-4 (Groundball, 6, EV 75.6 MPH)
Top of the 6th over - 1 run, 2 hits, 0 errors, 2 left on base; Minnesota 3 - Chicago 6
BOTTOM OF THE 6TH
Chicago White Sox batting - Pitching for Minnesota Twins : RHP Danny Jaramillo
Batting: SHB Eduardo Maldonado 0-0: Ground out 4-3 (Groundball, 4, EV 82.5 MPH)
Batting: RHB Jason Moss 0-0: Ball
1-0: Ball
2-0: Ball
3-0: Called Strike
3-1: Base on Balls
Batting: SHB Dan Lash 0-0: Called Strike
Jason Moss steals 2nd base
0-1: Foul Ball, location: 2F
0-2: SINGLE (Line Drive, 78M, EV 105.6 MPH)
Jason Moss to third
Runner from 3rd tries for Home, SAFE, throw by LF to home
Pitching: RHP Mark Case
Batting: LHB Antonio Figueroa 0-0: Ball
1-0: Ball
2-0: Foul Ball, location: 2F
2-1: Foul Ball, location: 2F
2-2: Strikes out looking
Batting: SHB Cesar Herrera 0-0: Ball
1-0: Ball
2-0: Ball
3-0: Base on Balls
Dan Lash to second
Batting: LHB Randy Rosenberry 0-0: Ball
1-0: Foul Ball, location: 2F
1-1: Ball
2-1: Fly out, F7 (Flyball, 7LD, EV 91.9 MPH)
Bottom of the 6th over - 1 run, 1 hit, 0 errors, 2 left on base; Minnesota 3 - Chicago 7
TOP OF THE 7TH
Minnesota Twins batting - Pitching for Chicago White Sox : LHP Josh Vaca
Batting: RHB José Molina 0-0: Ball
1-0: Foul Ball, location: 2F
1-1: Ball
2-1: SINGLE (Line Drive, 4M, EV 99.4 MPH)
Batting: RHB Yonetoshi Muranaka 0-0: Ball
José Molina steals 2nd base (no throw)
1-0: Foul Ball, location: 2F
1-1: DOUBLE (Flyball, 8RXD, EV 95.0 MPH)
José Molina scores
Batting: RHB Jesse Scott 0-0: Ball
1-0: Ball
2-0: Ball
3-0: Base on Balls
Batting: LHB Joel Kunkler 0-0: Ball
1-0: Ball
2-0: Called Strike
2-1: 3-RUN HOME RUN (Flyball, 9LD, EV 98.1 MPH), Distance : 356 ft
Pitching: RHP Ryan Columbo
Batting: RHB Hildo Pot 0-0: Fly out, F8 (Flyball, 8LXD, EV 88.1 MPH)
Batting: RHB Matthew Starr 0-0: SINGLE (Groundball, 56D, EV 102.5 MPH)
Batting: RHB Danny Miramontes 0-0: Ball
Matthew Starr steals 2nd base
1-0: Ball
2-0: Ball
3-0: Base on Balls
Batting: RHB Blake Ballard 0-0: Ball
1-0: Ball
2-0: Ball
3-0: Called Strike
3-1: Base on Balls
Matthew Starr to third
Danny Miramontes to second
Batting: RHB Väinö Tapaninen 0-0: Called Strike
0-1: Called Strike
0-2: GRAND SLAM HOME RUN (Flyball, 7LD, EV 94.4 MPH), Distance : 335 ft
Pitching: RHP Stanislav Mamatsev
Batting: RHB José Molina 0-0: Fly out, F8 (Flyball, 8LD, EV 95.0 MPH)
Batting: RHB Yonetoshi Muranaka 0-0: Ball
1-0: Ball
2-0: Called Strike
2-1: Foul Ball, location: 2F
2-2: Ball
3-2: SINGLE (Groundball, 4MD, EV 98.1 MPH)
Batting: RHB Jesse Scott 0-0: Ball
1-0: Ball
2-0: Foul Ball, location: 2F
2-1: Ground out 5-3 (Groundball, 56S, EV 88.8 MPH)
Top of the 7th over - 8 runs, 6 hits, 0 errors, 1 left on base; Minnesota 11 - Chicago 7
BOTTOM OF THE 7TH
Chicago White Sox batting - Pitching for Minnesota Twins : RHP Mark Case
Batting: RHB Joseph Disepolo 0-0: Called Strike
0-1: Foul Ball, location: 2F
0-2: Foul Ball, location: 2F
0-2: Ball
1-2: Foul Ball, location: 2F
1-2: Hit by Pitch
Batting: LHB Jack Christie 0-0: Called Strike
Joseph Disepolo steals 2nd base
0-1: Ball
1-1: Ball
2-1: Ball
3-1: Called Strike
3-2: Foul Ball, location: 2F
3-2: Foul Ball, location: 2F
3-2: SINGLE (Groundball, 34D, EV 98.8 MPH)
Joseph Disepolo to third
Runner from 3rd tries for Home, SAFE, throw by RF to home
Batting: LHB Brian Feher 0-0: DOUBLE (Line Drive, 89M, EV 94.4 MPH)
Jack Christie to third
Runner from 3rd tries for Home, throw by RF and OUT! 9-4-2
Brian Feher to third
Batting: SHB Eduardo Maldonado 0-0: Called Strike
0-1: Ball
1-1: Foul Ball, location: 2F
1-2: Foul Ball, location: 2F
1-2: Ball
2-2: Ball
3-2: Base on Balls
Batting: RHB Jason Moss 0-0: Ball
1-0: Fielders Choice at 2nd, 3-6 (Groundball, 3S, EV 84.4 MPH)
Brian Feher scores
Batting: SHB Dan Lash 0-0: Ball
Jason Moss steals 2nd base (no throw)
1-0: Ball
2-0: Ball
3-0: Called Strike
3-1: Called Strike
3-2: Ground out 4-3 (Groundball, 4, EV 82.5 MPH)
Bottom of the 7th over - 2 runs, 2 hits, 0 errors, 1 left on base; Minnesota 11 - Chicago 9
TOP OF THE 8TH
Minnesota Twins batting - Pitching for Chicago White Sox : RHP Stanislav Mamatsev
Batting: LHB Joel Kunkler 0-0: Ball
1-0: Ball
2-0: Ball
3-0: Called Strike
3-1: Base on Balls
Batting: RHB Hildo Pot 0-0: Ball
1-0: Swinging Strike
1-1: Ball
2-1: SINGLE (Flyball, 8RS, EV 99.4 MPH)
Joel Kunkler to second
Batting: RHB Matthew Starr 0-0: Swinging Strike
0-1: Ground out 5-3 (Groundball, 56S, EV 63.1 MPH)
Joel Kunkler to third
Hildo Pot to second
Batting: RHB Danny Miramontes 0-0: Called Strike
0-1: Ball
1-1: Called Strike
1-2: Ball
2-2: SINGLE (Groundball, 4MD, EV 101.2 MPH)
Joel Kunkler scores
Hildo Pot to third
Runner from 3rd tries for Home, SAFE, throw by CF to home
Batting: RHB Blake Ballard 0-0: Ball
1-0: Ball
2-0: Ball
3-0: SINGLE (Groundball, 5S, EV 63.1 MPH) (infield hit)
Danny Miramontes to second
Batting: RHB Väinö Tapaninen 0-0: Ball
1-0: Foul Ball, location: 2F
1-1: Fly out, F3 (Popup, 23F, EV 91.2 MPH)
Pitching: LHP Ryan Daidone
Batting: RHB José Molina 0-0: Ball
1-0: Called Strike
1-1: Foul Ball, location: 2F
1-2: Ball
2-2: Foul Ball, location: 2F
2-2: Strikes out looking
Top of the 8th over - 2 runs, 3 hits, 0 errors, 2 left on base; Minnesota 13 - Chicago 9
BOTTOM OF THE 8TH
Chicago White Sox batting - Pitching for Minnesota Twins : RHP Mark Case
Pitching: RHP Bill Rondeau
Batting: LHB Antonio Figueroa 0-0: Ball
1-0: Ball
2-0: Swinging Strike
2-1: Swinging Strike
2-2: Ball
3-2: Foul Ball, location: 2F
3-2: Base on Balls
Batting: SHB Cesar Herrera 0-0: Foul Ball, location: 2F
0-1: Ball
1-1: Swinging Strike
1-2: SINGLE (Groundball, 4M, EV 92.5 MPH) (infield hit)
Antonio Figueroa to second
Batting: LHB Randy Rosenberry 0-0: Ball
1-0: Ball
2-0: Ball
3-0: Base on Balls
Antonio Figueroa to third
Cesar Herrera to second
Batting: RHB Joseph Disepolo 0-0: Foul Ball, location: 2F
0-1: Ball
1-1: Grounds into double play, 6-4-3 (Groundball, 6S, EV 79.4 MPH)
Antonio Figueroa scores
Cesar Herrera to third
Batting: LHB Jack Christie 0-0: Ball
1-0: Ball
2-0: Swinging Strike
2-1: Ground out 1-3 (Groundball, P, EV 73.1 MPH)
Bottom of the 8th over - 1 run, 1 hit, 0 errors, 1 left on base; Minnesota 13 - Chicago 10
TOP OF THE 9TH
Minnesota Twins batting - Pitching for Chicago White Sox : LHP Ryan Daidone
Pitching: RHP Gerbrand van de Bilt
Batting: RHB Yonetoshi Muranaka 0-0: Swinging Strike
0-1: Called Strike
0-2: Strikes out swinging
Batting: RHB Jesse Scott 0-0: Swinging Strike
0-1: Swinging Strike
0-2: Strikes out swinging
Batting: LHB Joel Kunkler 0-0: Called Strike
0-1: Foul Ball, location: 2F
0-2: Ball
1-2: Fly out, F9 (Flyball, 9LM, EV 98.1 MPH)
Top of the 9th over - 0 runs, 0 hits, 0 errors, 0 left on base; Minnesota 13 - Chicago 10
BOTTOM OF THE 9TH
Chicago White Sox batting - Pitching for Minnesota Twins : RHP Bill Rondeau
Batting: LHB Brian Feher 0-0: Ball
1-0: Foul Ball, location: 2F
1-1: Called Strike
1-2: Ground out 3-1 (Groundball, 34S, EV 82.5 MPH)
Batting: SHB Eduardo Maldonado 0-0: Ball
1-0: Called Strike
1-1: Called Strike
1-2: Fly out, F8 (Flyball, 8RM, EV 83.1 MPH)
Batting: RHB Jason Moss 0-0: SINGLE (Groundball, 4MD, EV 98.8 MPH)
Batting: SHB Dan Lash 0-0: SINGLE (Line Drive, 89M, EV 97.5 MPH)
Jason Moss to second
Batting: LHB Antonio Figueroa 0-0: Foul Ball, location: 2F
0-1: Ball
1-1: Ball
2-1: Swinging Strike
2-2: Ball
3-2: Foul Ball, location: 2F
3-2: Strikes out looking
Bottom of the 9th over - 0 runs, 2 hits, 0 errors, 2 left on base; Minnesota 13 - Chicago 10
Wednesday, June 22nd , 2022 - OOTP Baseball 23.4 Build 64